 Dungeon Sprint DCSS version 0.22.0-16-gc6d26f6 (webtiles) character file.

272 poirepourri the Severer (level 8, -19/66 HPs)
             Began as a Minotaur Fighter on Aug 17, 2018.
             Was an Initiate of Gozag.
             Demolished by a naga warrior
             ... wielding a cursed -3 mace
              (62 damage)
             ... in the Dungeon (Sprint VI: "Thunderdome").
             The game lasted 00:04:38 (724 turns).

poirepourri the Severer (Minotaur Fighter)           Turns: 724, Time: 00:04:38

Health: -19/66     AC: 10    Str: 25    XL:     8   Next: 55%
Magic:  16/16      EV:  9    Int:  8    God:    Gozag
Gold:   392        SH:  0    Dex: 24    Spells: 7/7 levels left

rFire    + . .     SeeInvis +   a - +0 war axe
rCold    . . .     Gourm    .   c - +0 shield
rNeg     . . .     Faith    .   u - +2 scale mail {rPois}
rPois    +         Spirit   .   t - +1 hat of Virtue {SInv}
rElec    .         Reflect  .   (no cloak)
rCorr    +         Harm     .   (no gloves)
MR       .....     NoTele   +   (no boots)
Stlth    ++........             d - amulet "Ycveycup" {RegenMP Int+3 Dex+3}
HPRegen  0.21/turn              q - ring of Reka {rCorr rF+ MP+9}
MPRegen  0.40/turn              w - ring "Curian Xiu" {Dex+3 SInv}

@: mighty, agile, lethally poisoned (-19 -> -25), sleeping, hasted, constricted
A: retaliatory headbutt, horns 2
a: Potion Petition, Call Merchant, Bribe Branch, Renounce Religion


You were in the Dungeon.
You worshipped Gozag.
Gozag was aware of your devotion.
You were not hungry.

You visited 1 branch You collected 1880 gold pieces.
You spent 1488 gold pieces at shops.

Inventory:

Hand Weapons
 a - a +0 war axe (weapon)
 b - a +0 flail of draining
Armour
 c - a +0 shield (worn)
 t - the +1 hat of Virtue (worn) {SInv}
   (You bought it in a shop in the Dungeon)

   It lets you see invisible.
 u - a +2 scale mail of poison resistance (worn)
Jewellery
 d - the amulet "Ycveycup" (around neck) {RegenMP Int+3 Dex+3}
   (You bought it in a shop in the Dungeon)

   [amulet of magic regeneration]

   It increases your magic regeneration.
   It affects your intelligence (+3).
   It affects your dexterity (+3).
 q - the ring of Reka (left hand) {rCorr rF+ MP+9}
   (You bought it in a shop in the Dungeon)

   [ring of resist corrosion]

   It protects you from fire.
   It affects your magic capacity (+9).
 r - the ring of Jeaxinon {rCorr rC+}
   (You bought it in a shop in the Dungeon)

   [ring of resist corrosion]

   It protects you from cold.
 s - the ring "Qenir" {Wiz rElec rF+}
   (You bought it in a shop in the Dungeon)

   [ring of wizardry]

   It improves your spell success rate.
   It protects you from fire.
   It insulates you from electricity.
 w - the ring "Curian Xiu" (right hand) {Dex+3 SInv}
   (You bought it in a shop in the Dungeon)

   [ring of see invisible]

   It affects your dexterity (+3).
   It lets you see invisible.
Wands
 n - a wand of iceblast (3)
Scrolls
 k - 6 scrolls of blinking
 o - 3 scrolls of fog
Potions
 e - 2 potions of brilliance {unknown}
 g - 7 potions of heal wounds
 h - 3 potions of haste
 i - 2 potions of magic
 j - 7 potions of curing
Comestibles
 f - a ration


   Skills:
 - Level 4.3 Fighting
 + Level 20.3 Axes
 - Level 4.2 Armour
 - Level 4.2 Shields


You had 7 spell levels left.
You didn't know any spells.
Your spell library was empty.

Dungeon Overview and Level Annotations

Branches:
Dungeon (1/1)

Altars:
Cheibriados
Dithmenos
Fedhas
Gozag
Kikubaaqudgha
Makhleb
Okawaru
Qazlal
Ru
Sif Muna
Trog
Uskayaw
Vehumet
Wu Jian
Xom
Yredelemnul
Zin
The Shining One
Beogh
Jiyva
Lugonu

Shops:
D *[%??*?*:[((!!!!

Annotations:
D Aizul


Innate Abilities, Weirdness & Mutations

You reflexively headbutt those who attack you in melee.
You have a pair of horns on your head.


Message History

* * * LOW HITPOINT WARNING * * *
You block the naga warrior's attack.
* * * LOW HITPOINT WARNING * * *
The naga warrior constricts you.
You feel much better.
You feel sick.
Aizul coils herself and waves her upper body at you.
The poison arrow misses you.
You hit Aizul. You headbutt Aizul!
Aizul is heavily wounded.
You hit the naga warrior.
Unknown command.
You closely miss Aizul.
Aizul is heavily wounded.
You closely miss the naga warrior.
You feel sick.
Aizul coils herself and waves her upper body at you.
You fall asleep.
The naga warrior hits you with a mace!!!
Ouch! That really hurt!
You die...
Your body crumbles into a pile of gold.

###∩........8.# #.8........∩###
#.=...........###.............##
⌠..........###...###..........⌠#
⌠[.........# #.<.# #..........⌠#
⌠........NS###...###..........⌠#
#.............###...[.........##
###∩........8.# #.8........∩###
##∩___......###......___∩##
######.8....S@$..8.######
#⌠.....N.....⌠# ###...[.....###
#_......._# #_......._#
#_......._# #∩.......∩#
##∩.....∩## ##.....##


You could see Aizul and a naga warrior.

Vanquished Creatures
  Maurice (D)
  2 black mambas (D)
  Sigmund (D)
  Edmund (D)
  An orc warrior (D)
  A howler monkey (D)
  2 crimson imps (D)
  A hound (D)
  An iguana (D)
  An adder (D)
  6 oozes (D)
  2 adder zombies (D)
  An orc (D)
  2 bat zombies (D)
  A rat (D)
24 creatures vanquished.

Notes
Turn   | Place    | Note
-------+----------+-------------------------------------------
     0 | D        | poirepourri the Minotaur Fighter began the quest for the Orb.
     0 | D        | Reached XP level 1. HP: 19/19 MP: 0/0
     3 | D        | Found a blossoming altar of Fedhas.
     3 | D        | Found a shadowy altar of Dithmenos.
     4 | D        | Found a roughly hewn altar of Beogh.
     5 | D        | Found a bloodstained altar of Trog.
     5 | D        | Found a burning altar of Makhleb.
     5 | D        | Round 1.
     6 | D        | Found Nowosh's Delicious Food.
     6 | D        | Found an ornate altar of the Wu Jian Council.
     6 | D        | Found a basalt altar of Yredelemnul.
     6 | D        | Found Ycvo's Identification Station.
     7 | D        | Found Jisenon's Jewellery.
     7 | D        | Found Suariu Rice's Advanced Armour.
    18 | D        | Bought a clouded diamond amulet for 45 gold pieces
    18 | D        | Bought a brightly glowing copper ring for 45 gold pieces
    18 | D        | Bought a warped glass ring for 45 gold pieces
    18 | D        | Identified the ring of Reka {rCorr rF+ MP+9} (You bought it in a shop in the Dungeon)
    19 | D        | Identified the ring of Jeaxinon {rCorr rC+} (You bought it in a shop in the Dungeon)
    20 | D        | Identified the amulet "Goeph" {Gourm rPois Int+2 SInv} (You bought it in a shop in the Dungeon)
    21 | D        | Bought a vibrating steel ring for 45 gold pieces
    22 | D        | Identified the ring "Qenir" {Wiz rElec rF+} (You bought it in a shop in the Dungeon)
    26 | D        | Found a stormy altar of Qazlal.
    27 | D        | Found a radiant altar of Vehumet.
    28 | D        | Found a hide-covered altar of Uskayaw.
    29 | D        | Found Vioxtef's Premium Goods.
    30 | D        | Found Ojeenwan's Miscellaneous Merchandise.
    30 | D        | Found Ubaofaba's Basic Armour.
    31 | D        | Found a deep blue altar of Sif Muna.
    31 | D        | Found a glowing golden altar of the Shining One.
    31 | D        | Found an opulent altar of Gozag.
    31 | D        | Found Otaam's Weapon Rack.
    35 | D        | Found a corrupted altar of Lugonu.
    36 | D        | Found a sacrificial altar of Ru.
    37 | D        | Found a snail-covered altar of Cheibriados.
    38 | D        | Found Bayn's Do-It-Yourself Clinic.
    39 | D        | Found Sauryifiak's Bottled Wisdom.
    39 | D        | Found Wuotis's Distillery.
    39 | D        | Found a glowing silver altar of Zin.
    39 | D        | Found an ancient bone altar of Kikubaaqudgha.
    39 | D        | Found Xyluinn's Distillery.
    47 | D        | Became a worshipper of Gozag Ym Sagoz the Greedy
    81 | D        | Noticed Sigmund
    99 | D        | Killed Sigmund
    99 | D        | Reached skill level 12 in Axes
    99 | D        | Reached XP level 2. HP: 27/27 MP: 1/1
    99 | D        | Reached XP level 3. HP: 33/33 MP: 2/2
    99 | D        | Reached XP level 4. HP: 40/40 MP: 3/3
    99 | D        | Reached XP level 5. HP: 46/46 MP: 4/4
   110 | D        | Found a shimmering altar of Xom.
   112 | D        | Found an iron altar of Okawaru.
   113 | D        | Found a viscous altar of Jiyva.
   114 | D        | Found Isuesax's Staff Store.
   114 | D        | Found Cugy's Magic Scroll Shop.
   115 | D        | Found Pastudy's Must-Have Magic.
   115 | D        | Found Widy's Magic Scroll Shop.
   122 | D        | Arena points: 12 (+12) [x2]
   122 | D        | Reached skill level 13 in Axes
   137 | D        | Round 2.
   156 | D        | Bought an ancient hat for 315 gold pieces
   161 | D        | Identified the +1 hat of Virtue {SInv} (You bought it in a shop in the Dungeon)
   226 | D        | Arena points: 48 (+36) [x3]
   297 | D        | Round 3.
   297 | D        | Noticed Edmund
   308 | D        | Killed Edmund
   308 | D        | Reached skill level 14 in Axes
   308 | D        | Reached XP level 6. HP: 49/52 MP: 5/5
   383 | D        | Reached skill level 15 in Axes
   413 | D        | Arena points: 132 (+84) [x4]
   434 | D        | Bought a glittering sapphire amulet for 45 gold pieces
   435 | D        | Identified the amulet "Ycveycup" {RegenMP Int+3 Dex+3} (You bought it in a shop in the Dungeon)
   436 | D        | Bought a fine steel ring for 45 gold pieces
   437 | D        | Identified the ring "Soatsoxe" {+Fly rC+} (You bought it in a shop in the Dungeon)
   438 | D        | Bought a clouded lapis lazuli ring for 45 gold pieces
   439 | D        | Identified the ring "Curian Xiu" {Dex+3 SInv} (You bought it in a shop in the Dungeon)
   440 | D        | Bought a clouded golden ring for 45 gold pieces
   441 | D        | Identified the ring "Evyen" {Fire MR+ Int+4 Dex-5 Slay+5} (You bought it in a shop in the Dungeon)
   496 | D        | Round 4.
   496 | D        | Noticed an orc warrior
   496 | D        | Noticed Maurice
   506 | D        | Killed an orc warrior
   506 | D        | Reached skill level 16 in Axes
   506 | D        | Reached XP level 7. HP: 59/59 MP: 6/6
   544 | D        | Killed Maurice
   544 | D        | Reached skill level 18 in Axes
   560 | D        | Bought 3 potions of heal wounds for 105 gold pieces
   560 | D        | Bought 3 potions of heal wounds for 105 gold pieces
   560 | D        | Bought 3 potions of heal wounds for 105 gold pieces
   560 | D        | Bought 3 potions of heal wounds for 105 gold pieces
   560 | D        | Bought 4 potions of curing for 84 gold pieces
   560 | D        | Bought 4 potions of curing for 84 gold pieces
   564 | D        | Arena points: 272 (+140) [x5]
   583 | D        | Bought 3 scrolls of blinking for 225 gold pieces
   601 | D        | Round 5.
   687 | D        | Noticed a black mamba
   696 | D        | Killed a black mamba
   696 | D        | Reached skill level 19 in Axes
   696 | D        | Reached XP level 8. HP: 28/66 MP: 7/7
   699 | D        | Noticed a black mamba
   700 | D        | Noticed a naga warrior
   700 | D        | Noticed Aizul
   706 | D        | Killed a black mamba
   706 | D        | Reached skill level 20 in Axes
   724 | D        | Demolished by a naga warrior

Skill      XL: |  1  2  3  4  5  6  7  8 |
---------------+-------------------------+-----
Fighting       | 4 |  4.3
Armour         | 4 |  4.2
Shields        | 4 |  4.2
Axes           | 12 14 16 19 20 | 20.3

Action                   |  1- 3 |  4- 6 |  7- 9 || total
-------------------------+-------+-------+-------++-------
Melee: War axe           |    12 |    40 |    30 ||    82
       Headbutt          |     2 |     9 |     9 ||    20
       Unarmed           |       |       |     7 ||     7
Invok: Potion Petition   |       |       |     1 ||     1
Evoke: Wand              |       |       |     5 ||     5
  Use: Potion            |     3 |     2 |     9 ||    14
       Scroll            |       |       |     1 ||     1
Armor: Scale mail        |       |    14 |    12 ||    26
Dodge: Dodged            |     5 |     4 |    12 ||    21
Block: Shield            |     2 |    12 |    15 ||    29
